 Dungeon Crawl Stone Soup version 0.27.1-33-g824d729ab1 (webtiles) character file.

Game seed: 15055930091148908057

9 sking99 the Bolt Thrower (level 2, 16/16 HPs)
             Began as a Tengu Arcane Marksman on Dec 9, 2021.
             Quit the game on level 1 of the Dungeon.
             The game lasted 00:01:41 (1130 turns).

sking99 the Bolt Thrower (Tengu Arcane Marksman)    Turns: 1130, Time: 00:01:42

Health: 16/16      AC:  2    Str: 10    XL:     2   Next: 12%
Magic:  4/4        EV: 12    Int: 13    God:
Gold:   47         SH:  0    Dex: 14    Spells: 0/3 levels left

rFire    . . .     SeeInvis .   a - +0 hand crossbow
rCold    . . .     Faith    .   (no shield)
rNeg     . . .     Spirit   .   d - +0 robe
rPois    .         Reflect  .   (helmet restricted)
rElec    .         Harm     .   (no cloak)
rCorr    .         Rampage  .   (no gloves)
Will     .....                  (boots unavailable)
Stlth    +.........             (no amulet)
HPRegen  0.05/turn              (no ring)
MPRegen  0.09/turn              (no ring)

@: no status effects
A: beak, talons 3
a: no special abilities


You were on level 1 of the Dungeon.
You visited 1 branch of the dungeon, and saw 1 of its levels.

You collected 47 gold pieces.

Inventory:

Hand Weapons
 a - a +0 hand crossbow (weapon)
Missiles
 c - 17 bolts (quivered ammo)
Armour
 d - a +0 robe (worn)
Scrolls
 e - a scroll of teleportation {unknown}
 g - a scroll of identify {unknown}
 h - a scroll of silence {unknown}
Potions
 b - a potion of might {unknown}
 f - a potion of brilliance {unknown}
 i - 2 potions of heal wounds {unknown}


   Skills:
 + Level 1.2 Fighting
 * Level 2.6 Crossbows
 - Level 2.1 Dodging
 + Level 1.2 Spellcasting
 + Level 2.2 Hexes


You couldn't memorise any spells.
You knew the following spells:

 Your Spells              Type           Power      Damage    Failure   Level
a - Corona                Hex            6%         N/A       11%         1
b - Slow                  Hex            6%         N/A       16%         2

Your spell library contained the following spells:

 Spells                   Type           Power      Damage    Failure   Level
 Inner Flame              Hex/Fire       3%         N/A       45%         3
 Portal Projectile        Hex/Tloc       6%         N/A       45%         3
 Cause Fear               Hex            3%         N/A       71%         4


Dungeon Overview and Level Annotations

Branches:
Dungeon (1/15)

Altars:


Innate Abilities, Weirdness & Mutations

You have a beak for a mouth.
You have claws for feet.


Message History

You open the door.
There is an open door here.
A frilled lizard comes into view.
The frilled lizard hisses angrily.
Fire: 17 bolts
Press: ? - help, Q - select action, (/) - cycle Shift-Dir - straight line, f - frilled lizard
Aim: a frilled lizard (46% to hit)
You shoot a bolt. The bolt misses the frilled lizard.
Fire: 16 bolts
Press: ? - help, Q - select action, (/) - cycle Shift-Dir - straight line, f/p - frilled lizard
Aim: a frilled lizard (46% to hit)
You shoot a bolt. The bolt hits the frilled lizard.
You kill the frilled lizard!
c - 16 bolts (gained 1)
c - 17 bolts (gained 1)
You open the door. You open the door.
There is an open door here.
A ball python comes into view.
A ball python is nearby!
Fire: 17 bolts
Press: ? - help, Q - select action, (/) - cycle Shift-Dir - straight line, f - ball python
Aim: a ball python (asleep, 98% to hit)
You shoot a bolt. The bolt hits the ball python.
You kill the ball python!
c - 17 bolts (gained 1)
Found 2 black potions.
Found 10 gold pieces.
i - 2 black potions You now have 33 gold pieces (gained 10).
There is an open door here.
Found 14 gold pieces.
You now have 47 gold pieces (gained 14).
Done exploring.
Done exploring.
There is a stone staircase leading down here.
Memorise Slow, consuming 2 spell levels and leaving 0?
You start memorising the spell.
You continue memorising. x2
You finish memorising.
Spell assigned to 'b'.
Are you sure you want to abandon this character and quit the game? (Confirm with "yes".)

####...........#.##.# #.########.
...+...........+....###........#.
..##...........#.##.....#........
..##...........#........+......##
..##...........#........#.#......
..##...#................#.#.#..##
..++...+................#.#.#..##
..##...#..........#.....#.#......
............###.@##.....#.#......
####........# #...+.....+.....#..
#........###.###.....#.#......
####........+.....###.....####...
≈≈≈#........###+#'#####.#........
≈≈≈#..................#.#.#####..
.≈≈#..................#.#.#......
..≈#.........)........#.#.#.####.
..≈##.................#.#.#.# #.


There were no monsters in sight!

Vanquished Creatures
  A bat (D:1)
  An endoplasm (D:1)
  A giant cockroach (D:1)
  A quokka (D:1)
  2 ball pythons (D:1)
  A frilled lizard (D:1)
  A kobold (D:1)
8 creatures vanquished.

Notes
Turn   | Place    | Note
-------+----------+-------------------------------------------
     0 | D:1      | sking99 the Tengu Arcane Marksman began the quest for the
                  | Orb.
     0 | D:1      | Reached XP level 1. HP: 12/12 MP: 3/3
   118 | D:1      | Found a faded altar of an unknown god.
   781 | D:1      | Reached XP level 2. HP: 16/16 MP: 4/4
  1130 | D:1      | Learned a level 2 spell: Slow
  1130 | D:1      | Quit the game

Illustrated notes

Levels and vault maps discovered:
D:1:      dpeg_arrival_shrine, layout_basic, ebering_ecumenical_altar_webs,
          minmay_tromino_v4_b

Action                   || total
-------------------------++-------
 Fire: Hand crossbow     ||    21
Armor: Robe              ||     4
Dodge: Dodged            ||     8
